 Dungeon Crawl Stone Soup version 0.31-a0-971-g75a2e9a4b4 (webtiles) character file.

Game seed: 18152638993732664710

2104 porpoise the Skirmisher (level 9, -15/81 HPs)
             Began as a Tengu Hunter on Oct 29, 2023.
             Demolished by Duvessa
             ... wielding a +2 short sword of electrocution
              (16 damage)
             ... on level 6 of the Dungeon.
             The game lasted 00:19:17 (5269 turns).

porpoise the Skirmisher (Tengu Hunter)              Turns: 5269, Time: 00:19:18

Health: -15/81     AC: 14    Str: 11    XL:     9   Next: 28%
Magic:  10/10      EV: 17    Int: 10    God:
Gold:   401        SH:  0    Dex: 22    Spells: 8/8 levels left

rFire   . . .        b - +2 short sword (drain)
rCold   . . .        (no shield)
rNeg    . . .        B - +0 swamp dragon scales
rPois   +            (helmet restricted)
rElec   .            t - +2 cloak
rCorr   .            (no gloves)
SInv    .            (boots unavailable)
Will    +....        (no amulet) Stlth
                     p - +4 ring of protection
HPRegen 0.33/turn    (no ring)
MPRegen 0.12/turn

%: acrobat
@: berserking, enlightened, flying, studying Stealth, very quick
A: beak, talons 3, evasive flight, acrobatic
a: no special abilities


You were on level 6 of the Dungeon.
You visited 1 branch of the dungeon, and saw 6 of its levels.

You collected 401 gold pieces.

Inventory:

Hand Weapons
 a - a +0 orcbow
 b - a +2 short sword of draining (weapon)
 w - a +1 long sword of holy wrath
 C - a +2 vampiric lajatang
Missiles
 c - a curare-tipped dart
 o - 4 poisoned darts
 y - 2 javelins
Armour
 g - a scarf of repulsion
 t - a +2 cloak (worn)
 B - +0 swamp dragon scales (worn)
 F - the +2 ring mail "Hapat" {rCorr}
   (You found it on level 6 of the Dungeon)

   rCorr:     It protects you from acid and corrosion.
Jewellery
 h - an amulet of reflection
 p - a +4 ring of protection (left hand)
Wands
 s - a wand of flame (34)
Scrolls
 j - a scroll of butterflies
 k - a scroll of acquirement {unknown}
 l - a scroll of revelation {unknown}
 m - a scroll of enchant armour
 q - a scroll of fog {unknown}
 r - 3 scrolls of teleportation
 u - a scroll of poison {unknown}
 v - a scroll of vulnerability {unknown}
 z - a scroll of fear {unknown}
 A - a scroll of amnesia {unknown}
 E - a scroll of noise {unknown}
Potions
 f - 3 potions of curing
 n - 2 potions of cancellation
 x - a potion of lignification {unknown}
 D - a potion of resistance {unknown}


   Skills:
 - Level 5.0 Fighting
 * Level 10.8 Ranged Weapons
 + Level 5.2 Dodging
 + Level 6.9 Stealth


You had 8 spell levels left.
You didn't know any spells.
Your spell library contained the following spells:

 Spells                   Type           Power      Damage    Failure   Level
 Static Discharge         Conj/Air       0%         3-3/arc   80%         2
 Dazzling Flash           Conj/Hex       0%         N/A       95%         3
 Ozocubu's Armour         Ice            0%         N/A       95%         3
 Airstrike                Air            0%         2d(0-16)  100%        4
 Summon Lightning Spire   Summ/Air       0%         N/A       100%        4
 Agony                    Necr           0%         N/A       100%        5
 Metabolic Englaciation   Hex/Ice        0%         N/A       100%        5
 Silence                  Hex/Air        0%         N/A       100%        5
 Simulacrum               Ice/Necr       0%         N/A       100%        6


Dungeon Overview and Level Annotations

Branches:
Dungeon (6/15)
 Temple: D:4-7

Altars:
Elyvilon
Nemelex Xobeh
Qazlal
Ru
Sif Muna
Xom

Annotations:
D:3 3 runed translucent doors, Firecrotchwizard's ghost, weakling DEHW; Runia's ghost, amateur GnRe
D:4 2 runed translucent doors, jlumianski's ghost, amateur GnSh
D:6 Duvessa


Innate Abilities, Weirdness & Mutations

You have a beak for a mouth.
You have claws for feet.
Your magical flight helps you evade attacks. (EV +4)
You can magically evade attacks while moving or waiting.


Message History

Duvessa hits you with a +2 short sword of electrocution!
You are electrocuted!
It was a potion of enlightenment.
You feel more buoyant.
Duvessa hits you with a +2 short sword of electrocution.
Duvessa hits you but does no damage.
You are electrocuted!
* * * LOW HITPOINT WARNING * * *
You sense an unholy aura.
b - a +2 short sword of draining (weapon)
You hit Duvessa.
Duvessa is lightly wounded.
Duvessa hits you with a +2 short sword of electrocution.
* * * LOW HITPOINT WARNING * * *
Duvessa hits you with a +2 short sword of electrocution.
* * * LOW HITPOINT WARNING * * *
You are electrocuted!
* * * LOW HITPOINT WARNING * * *
You feel much better.
Duvessa hits you with a +2 short sword of electrocution.
You are electrocuted!
* * * LOW HITPOINT WARNING * * *
You feel much better. Duvessa closely misses you.
Duvessa hits you with a +2 short sword of electrocution.
You are electrocuted!!
* * * LOW HITPOINT WARNING * * *
Okay, then.
Okay, then.
It was a potion of berserk rage.
A red film seems to cover your vision as you go berserk!
You feel yourself moving faster!
You feel mighty! Duvessa barely misses you.
You puncture Duvessa!
Duvessa is moderately wounded.
Duvessa hits you with a +2 short sword of electrocution.
* * * LOW HITPOINT WARNING * * *
You are electrocuted!
* * * LOW HITPOINT WARNING * * *
You puncture Duvessa!
Duvessa is heavily wounded.
Duvessa hits you but does no damage.
You are electrocuted!
You die...

..#.....#........#.....#..#
..#.....#........#.....#..#
..###..###..###..#######..#
#####..###..###..##.......#
..................#.......#
..................#.......#
####'##...........#.......#
##⌠.⌠.#...........'..)....#
##....#..#...##.@##...##[.#
.#._..#.##...##e.#######..#
.#....#.#........#........#
.#....#.#........#........#
.#._..#.#........##.......#
##....#.#..#.#.#.##...##..#
##⌠.⌠.#.#........##'####..#
####'##.#..#.#.#.......+..#
........##)......#.....#..#


You could see Duvessa (berserk).

Vanquished Creatures
  Maggie (D:6)
  Jeremiah (D:6)
  Grinder (D:6)
  Sigmund (D:2)
  A black bear (D:6)
  An ice beast (D:5)
  A phantom (D:5)
  A kobold brigand (D:6)
  3 scorpions
  Blork the orc (D:5)
  Dowan (D:6)
  2 jellies (D:6)
  Crazy Yiuf (D:3)
  2 orc priests
  2 sleepcaps (D:5)
  Jessica (D:2)
  An iguana (D:6)
  2 orc wizards (D:5)
  Natasha (thrice) (D:3)
  3 gnolls
  9 adders
  2 white imps
  3 ufetubi
  4 dart slugs
  10 orcs
  10 endoplasms
  4 giant cockroaches
  7 goblins
  4 hobgoblins
  7 jackals
  2 quokkas
  7 ball pythons
  5 bats
  2 frilled lizards
  13 kobolds
  6 rats
125 creatures vanquished.

Notes
Turn   | Place    | Note
-------+----------+-------------------------------------------
     0 | D:1      | porpoise the Tengu Hunter began the quest for the Orb.
     0 | D:1      | Reached XP level 1. HP: 12/12 MP: 2/2
   143 | D:1      | Reached XP level 2. HP: 13/17 MP: 3/3
   319 | D:1      | Reached skill level 5 in Ranged Weapons
   366 | D:1      | Reached XP level 3. HP: 22/22 MP: 4/4
   715 | D:2      | Noticed Jessica
   719 | D:2      | Killed Jessica
   720 | D:2      | Reached XP level 4. HP: 17/27 MP: 5/5
  1028 | D:2      | Noticed Sigmund
  1044 | D:2      | Killed Sigmund
  1045 | D:2      | Reached skill level 6 in Ranged Weapons
  1045 | D:2      | Reached XP level 5. HP: 7/33 MP: 6/6
  1045 | D:2      | Reached XP level 6. HP: 8/38 MP: 7/7
  1654 | D:3      | Reached skill level 7 in Ranged Weapons
  2055 | D:3      | Noticed Natasha
  2057 | D:3      | Killed Natasha
  2122 | D:3      | Found a runed translucent gate.
  2122 | D:3      | Found a runed translucent gate.
  2122 | D:3      | Found a runed translucent gate.
  2219 | D:3      | Noticed Firecrotchwizard's ghost (weakling DEHW)
  2220 | D:3      | Noticed Runia's ghost (amateur GnRe)
  2223 | D:3      | Noticed Natasha
  2230 | D:3      | Killed Natasha
  2239 | D:3      | Found a white marble altar of Elyvilon.
  2304 | D:3      | Noticed Natasha
  2309 | D:3      | Killed Natasha
  2395 | D:3      | Found a runed translucent door.
  2396 | D:3      | Noticed Crazy Yiuf
  2407 | D:3      | Killed Crazy Yiuf
  2640 | D:4      | Gained mutation: Your magical flight helps you evade
                  | attacks. (EV +4) [Tengu growth]
  2640 | D:4      | Reached XP level 7. HP: 43/44 MP: 8/8
  2661 | D:4      | Found a sacrificial altar of Ru.
  2685 | D:4      | Found a stormy altar of Qazlal.
  2953 | D:4      | Reached skill level 8 in Ranged Weapons
  3272 | D:4      | Found a large runed translucent door.
  3272 | D:4      | Found a large runed translucent door.
  3276 | D:4      | Noticed jlumianski's ghost (amateur GnSh)
  3679 | D:5      | Entered Level 5 of the Dungeon
  3768 | D:5      | Reached skill level 5 in Fighting
  3833 | D:5      | Noticed Blork the orc
  3841 | D:5      | Killed Blork the orc
  3930 | D:5      | Reached XP level 8. HP: 46/49 MP: 9/9
  3999 | D:5      | Reached skill level 9 in Ranged Weapons
  4030 | D:5      | Found a shimmering blue altar of Sif Muna.
  4351 | D:6      | Noticed Jeremiah
  4372 | D:6      | Killed Jeremiah
  4457 | D:6      | Noticed Maggie
  4477 | D:6      | Killed Maggie
  4478 | D:6      | Reached skill level 10 in Ranged Weapons
  4478 | D:6      | Reached skill level 5 in Stealth
  4594 | D:6      | Found a shimmering altar of Xom.
  4594 | D:6      | Found a sparkling altar of Nemelex Xobeh.
  4627 | D:6      | Noticed Dowan
  4634 | D:6      | Killed Dowan
  4635 | D:6      | Reached XP level 9. HP: 54/54 MP: 10/10
  4758 | D:6      | Noticed Grinder
  4764 | D:6      | Paralysed by Grinder for 2 turns
  4775 | D:6      | Killed Grinder
  4776 | D:6      | Reached skill level 5 in Dodging
  5143 | D:6      | Identified the +2 ring mail "Hapat" {rCorr}
  5257 | D:6      | Noticed Duvessa
  5268 | D:6      | HP: 1/81 [Duvessa/+2 short sword of electrocution (13)]
  5269 | D:6      | Demolished by Duvessa

Illustrated notes

Levels and vault maps discovered:
D:1:      matt_arrival_spirals, layout_basic, chequers_serial_rivers_micro_d
D:2:      layout_basic, serial_rivers, chequers_serial_rivers_micro_d,
          chequers_serial_rivers_room_a, chequers_serial_rivers_marsh,
          chequers_serial_rivers_large_b, chequers_serial_rivers_marsh,
          hangedman_decor_points, uniq_sigmund, uniq_jessica
D:3:      layout_basic, lemuel_tele_altar, gammafunk_ghost_cemetery,
          ebering_dispersal_statue_hall, nrook_uturn, serial_bayou_lagoon_a,
          uniq_crazy_yiuf_cottage, uniq_natasha
D:4:      layout_gridville, hangedman_ru_absence, mainiacjoe_overflow_paths,
          ebering_ghost_disaster_area, hangedman_abyss_or_decor_stabs
D:5:      layout_rooms, nicolae_overflow_crystal_walls, uniq_blork_the_orc
D:6:      layout_gridville, jmf_multi_god_temple, serial_glass, glass_columns_b,
          glass_columns_a, glass_columns_a, uniq_duvessa, uniq_maggie,
          uniq_grinder, uniq_jeremiah

Skill      XL: |  1  2  3  4  5  6  7  8  9 |
---------------+----------------------------+-----
Ranged Weapons | 5 6 7 8 10 | 10.8
Fighting       | 3 4 5 |  5.0
Stealth        | 2 6 |  6.9
Dodging        | 4 5 |  5.2

Action                     |  1- 3 |  4- 6 |  7- 9 || total
---------------------------+-------+-------+-------++-------
  Melee: Short sword       |       |       |    58 ||    58
         Peck              |       |       |    13 ||    13
         Kick              |       |       |    15 ||    15
         Punch             |       |       |     2 ||     2
   Fire: Shortbow          |    58 |   138 |   212 ||   408
         Orcbow            |       |       |     3 ||     3
    Use: Scroll            |       |     3 |     3 ||     6
         Potion            |       |       |     4 ||     4
   Stab: Sleeping          |       |       |     2 ||     2
 Armour: Leather armour    |    13 |    37 |    43 ||    93
         Swamp dragon scal |       |       |    19 ||    19
  Dodge: Dodged            |    15 |    28 |   129 ||   172
         Repelled          |       |     3 |       ||     3

Table legend: (Time is in decaauts)
 A = Elapsed time spent in this place.
 B = Non-inter-level travel time spent in this place.
 C = Inter-level travel time spent in this place.
 D = Time resting spent in this place.
 E = Time spent auto-exploring this place.
 F = Levels seen in this place.
 G = Mean time per level.
                   A        B        C        D        E       F      G
               +--------+--------+--------+--------+--------+-----+--------+
         Total |   5323 |   5166 |    157 |    871 |   3363 |   6 |  887.2 |
       Dungeon |   5323 |   5166 |    157 |    871 |   3363 |   6 |  887.2 |
               +--------+--------+--------+--------+--------+-----+--------+

Top non-repeatable levels by time:
     D:4: 1080 daAuts
     D:2: 1058 daAuts
     D:6: 913 daAuts
     D:3: 895 daAuts
     D:1: 726 daAuts
     D:5: 648 daAuts
